AoeStats
← apyrupa_master

Arabia

506553530Analyzed
4v4 RM · 20d ago on Sep 14, 2026· 38m 15s· 8 players
Game mode
Random Map
Map size
Large (8 player)
Population
200
Speed
Normal
Resources
Standard
Victory
Conquest
Starting age
Dark Age
Ending age
Imperial Age
RankedLock teamsTeams togetherTeam positionsShared explorationLock speedFull tech treeHidden civsTurbo modeCheats
Victory
Defeat
🇧🇷 Magyars · Brazil
1287
+10
🇧🇷 Vietnamese · Brazil
1199
+14
🇧🇷 Khmer · Brazil
1166
+15
🇧🇷 Persians · Brazil
1165
+15
🇮🇱 Persians · Israel
1191
-15
🇮🇹 Gurjaras · Italy
1154
-14
🇺🇸 Japanese · United States
1146
-13
🇦🇷 Ethiopians · Argentina
1106
-12
Kryptonknight
6:52 Loom
9:58 Feudal Age
17:00 Fletching
18:49 Horse Collar
19:38 Double-Bit Axe
20:52 Wheelbarrow
23:39 Castle Age
24:31 Bow Saw
24:22 Heavy Plow
24:36 Thumb Ring
24:28 Bodkin Arrow
29:28 Hand Cart
29:51 Padded Archer Armor
29:49 Gold Mining
29:49 Stone Mining
33:20 Husbandry
33:30 Bloodlines
34:41 Ballistics
36:18 Yasama
36:17 Guard Tower
37:40 Murder Holes
Spitfire
8:40 Loom
10:39 Feudal Age
16:53 Castle Age
15:32 Double-Bit Axe
15:30 Horse Collar
16:54 Scale Mail Armor
16:54 Padded Archer Armor
24:33 Bow Saw
25:49 Gold Mining
29:39 Bloodlines
31:36 Scale Barding Armor
33:41 Wheelbarrow
35:30 Fletching
36:02 Stone Mining
MatiSitoula
8:28 Loom
10:37 Feudal Age
36:37 Castle Age
35:28 Double-Bit Axe
36:41 Crossbowman
lillithadam20
11:57 Feudal Age
15:31 Castle Age
13:38 Horse Collar
15:05 Bloodlines
20:20 Scale Barding Armor
20:18 Loom
20:28 Double-Bit Axe
22:47 Forging
23:21 Husbandry
25:33 Wheelbarrow
25:56 Gold Mining
31:45 Chain Barding Armor
33:15 Fletching
apyrupa_master
9:04 Loom
11:24 Feudal Age
14:36 Castle Age
12:40 Double-Bit Axe
12:39 Horse Collar
17:35 Scale Barding Armor
19:16 Bloodlines
21:01 Husbandry
22:15 Chain Barding Armor
22:26 Pikeman
27:43 Forging
29:30 Wheelbarrow
37:05 Iron Casting
apyrupa_Veloz
10:04 Feudal Age
10:32 Double-Bit Axe
11:15 Horse Collar
11:27 Man-at-Arms
14:12 Fletching
15:36 Padded Archer Armor
26:21 Castle Age
24:08 Loom
26:31 Castle Age
26:36 Scale Mail Armor
26:47 Forging
26:41 Gold Mining
27:54 Bodkin Arrow
28:04 Squires
27:53 Arson
29:03 Bow Saw
29:16 Guard Tower
30:27 Chain Mail Armor
30:48 Iron Casting
37:41 Ballistics
38:41 Wheelbarrow
apyrupa_NoMercy
1:18 Loom
20:31 Feudal Age
24:47 Double-Bit Axe
29:43 Castle Age
28:56 Scale Barding Armor
30:00 Bloodlines
29:59 Pikeman
34:01 Scale Mail Armor
34:24 Forging
34:55 Squires
ViRGuLiNo
6:13 Loom
9:25 Feudal Age
18:06 Gold Mining
24:59 Castle Age
23:34 Bloodlines
24:27 Scale Barding Armor
25:47 Husbandry
26:52 Chain Barding Armor
35:29 Gold Shaft Mining
Connection lost

Rejoining the realm…

Still unreachable

The connection could not be restored.

Session expired

The server has moved on; the page needs a fresh start.